 Dungeon Crawl Stone Soup version 0.19.1 (webtiles) character file.

66 Yawgmoth the Digger (level 4, -1/24 HPs)
             Began as a Gargoyle Earth Elementalist on Dec 11, 2016.
             Killed from afar by Scuka's ghost (3 damage)
             ... with a rocky blast
             ... on level 3 of the Dungeon.
             The game lasted 00:22:31 (1138 turns).

Yawgmoth the Digger (Gargoyle Earth Elementalist)   Turns: 1138, Time: 00:22:31

Health: -1/24      AC:  5    Str: 11 (12) XL:     4   Next: 15%
Magic:  0/8        EV: 12    Int: 16      God:
Gold:   80         SH:  0    Dex:  9 (10) Spells: 2 memorised, 6 levels left

rFire  . . .     SeeInvis .     f - +0 spear
rCold  . . .     Gourm    .     c - +0 robe
rNeg   + . .     Faith    .     (no shield)
rPois  ∞         Spirit   .     (no helmet)
rElec  +         Reflect  .     (no cloak)
rCorr  .         Harm     .     (no gloves)
MR     .....                    (no boots)
Stlth  ++........               (no amulet)
                                (no ring)
                                (no ring)

@: no status effects
A: negative energy resistance 1, electricity resistance, unbreathing,
petrification resistance, rot immunity, AC +3
a: no special abilities


You were on level 3 of the Dungeon.
You were not hungry.

You visited 1 branch of the dungeon, and saw 3 of its levels.

You collected 80 gold pieces.

Inventory:

Hand Weapons
 f - a +0 spear (weapon)
   (You found it on level 1 of the Dungeon)
Missiles
 b - 52 stones (quivered)
Armour
 c - a +0 robe (worn)
 h - a +2 shield
   (You found it on level 2 of the Dungeon)
Scrolls
 g - a scroll of amnesia
Books
 e - a book of Geomancy
Comestibles
 d - 3 bread rations {@e1}


   Skills:
 - Level 1.5 Dodging
 - Level 2.1 Stealth
 + Level 3.0 Spellcasting
 - Level 0.7 Transmutations
 + Level 5.0 Earth Magic


You had 6 spell levels left.
You knew the following spells:

 Your Spells              Type           Power        Failure   Level  Hunger
a - Sandblast             Erth           ###...       2%          1    #......
w - Passwall              Tmut/Erth      ##........   10%         2    ##.....


Dungeon Overview and Level Annotations

Branches:
Dungeon (3/15)

Altars:

Annotations:
D:3 Scuka's ghost, amateur GrEE


Innate Abilities, Weirdness & Mutations

You are resistant to torment.
Your stone body is resilient. (AC +3)
You are immune to poison.
You resist negative energy. (rN+)
You are resistant to electric shocks. (rElec)
You can survive without breathing.
You are immune to petrification.
You are immune to rotting.


Message History

The bat misses you. The bat hits you but does no damage.
The bat closely misses you. The bat hits you but does no damage.
The bat closely misses you.
There is a stone staircase leading down here.
The bat closely misses you. The hobgoblin misses you.
You climb downwards.
A hobgoblin comes into view. It is wielding a club.
The hobgoblin shouts!
There is a stone staircase leading up here.
A worm comes into view.
The hobgoblin hits you with a club.
You take 3 damage, and have 21/24 hp.
A hobgoblin comes into view.
The hobgoblin closely misses you.
Aim: a worm The rocky blast hits the worm.
The hobgoblin barely misses you.
Aim: a worm (severely wounded)
The rocky blast hits the worm.
You kill the worm!
The hobgoblin misses you.
You now have 5/8 mp.
Aim: a hobgoblin, wielding a club The rocky blast misses the hobgoblin. x2; The hobgoblin hits you with a club.
You take 2 damage, and have 19/24 hp.
You now have 4/8 mp.
Aim: a hobgoblin, wielding a club (black smoke)
The rocky blast hits the hobgoblin.
You kill the hobgoblin!
Your Spellcasting skill increases to level 3!
You now have 3/8 mp.
Aim: a hobgoblin, wielding a club (black smoke)
The rocky blast hits the hobgoblin.
You kill the hobgoblin!
You now have 2/8 mp.
Aim: a hobgoblin The rocky blast hits the hobgoblin.
You kill the hobgoblin!
You now have 1/8 mp.
You start resting.
Health restored: 24; MP restored: 8 You now have 80 gold pieces (gained 18).
Scuka's ghost (amateur Gargoyle Earth Elementalist) comes into view.
It is wielding a weapon of protection.
Here: Scuka's ghost, wielding a weapon of protection (hasn't noticed you)
The floor.
Unknown command.
Scuka's ghost turns its malevolent gaze towards you.
Aim: Scuka's ghost, wielding a weapon of protection The rocky blast misses Scuka's ghost.
You now have 7/8 mp.
Aim: Scuka's ghost, wielding a weapon of protection The rocky blast hits Scuka's ghost.
You now have 6/8 mp.
Aim: Scuka's ghost, wielding a weapon of protection The rocky blast misses Scuka's ghost.
Scuka's ghost misses you.
You now have 5/8 mp.
Aim: Scuka's ghost, wielding a weapon of protection The rocky blast hits Scuka's ghost.
The earth trembles for a moment.
Scuka's ghost hits you!
You take 7 damage, and have 17/24 hp.
MASSIVE DAMAGE!!
You now have 4/8 mp.
Aim: Scuka's ghost, wielding a weapon of protection (lightly damaged)
The rocky blast misses Scuka's ghost.
Scuka's ghost barely misses you.
You now have 3/8 mp.
Aim: Scuka's ghost, wielding a weapon of protection (lightly damaged)
The rocky blast misses Scuka's ghost.
Scuka's ghost casts a spell at you. The rocky blast hits you!
You take 2 damage, and have 15/24 hp.
You now have 2/8 mp.
Aim: Scuka's ghost, wielding a weapon of protection (lightly damaged)
The rocky blast hits Scuka's ghost.
Scuka's ghost hits you.
You take 5 damage, and have 10/24 hp.
MASSIVE DAMAGE!!
You now have 1/8 mp.
You don't know that spell.
As you read the scroll labeled QIK ZOIT EHI, it crumbles to dust.
The creatures around you are filled with an inner flame!
It was a scroll of immolation.
Scuka's ghost misses you.
Aim: Scuka's ghost, wielding a weapon of protection (moderately damaged, inner flame)
The rocky blast hits Scuka's ghost.
Scuka's ghost hits you.
You take 2 damage, and have 8/24 hp.
Aim: Scuka's ghost, wielding a weapon of protection (moderately damaged, inner flame)
The rocky blast hits Scuka's ghost.
Scuka's ghost gestures at you while chanting.
The rocky blast hits you!
* * * LOW HITPOINT WARNING * * *
You take 6 damage, and have 2/24 hp.
MASSIVE DAMAGE!!
You now have 0/8 mp.
Okay, then.
You aren't carrying any potions.
You aren't carrying any items that you can evoke without wielding.
Wield which item (- for none, * to show all)? (? for menu, Esc to quit)
f - a +0 spear (weapon)
You are too injured to fight recklessly!
You barely miss Scuka's ghost. Scuka's ghost casts a spell at you.
The rocky blast hits you!
You die...

######## #..... .......
...... §≈≈.§≈ §≈.§≈≈ #§
#≈.≈# #≈.§# .. #≈. #≈.≈#
#§§§# ≈..
#≈§§###≈.≈###≈§§###§..#
§≈.≈≈≈§§§W§≈≈≈.≈≈≈≈≈... ..
§...§§...@............# ..
≈≈.§≈§§§§≈§≈≈≈.≈≈§≈≈..##..
#§§§###§§≈###≈.≈###§..#...
#≈§ #§§§# #§.≈# #≈......
#§ #≈§≈###≈.≈###≈......
≈§§.≈≈≈§§.≈≈≈≈≈..#...
§.§..§......)§....<..
≈≈≈≈.§§≈≈≈.≈≈≈≈≈..#...
###§.§###≈.≈###≈......


You could see Scuka's ghost (inner flame).

Vanquished Creatures
  2 adders (D:2)
  2 oozes (D:2)
  A worm (D:3)
  2 leopard geckos (D:1)
  2 giant cockroaches
  6 hobgoblins
  A quokka (D:2)
  7 bats (D:1)
  2 goblins (D:1)
  5 kobolds (D:1)
  7 rats
37 creatures vanquished.

Notes
Turn   | Place    | Note
-------+----------+-------------------------------------------
     0 | D:1      | Yawgmoth the Gargoyle Earth Elementalist began the quest for the Orb.
     0 | D:1      | Reached XP level 1. HP: 10/10 MP: 3/3
   213 | D:1      | Reached skill level 4 in Earth Magic
   213 | D:1      | Reached XP level 2. HP: 12/15 MP: 5/5
   655 | D:1      | Learned a level 2 spell: Passwall
   686 | D:1      | Reached XP level 3. HP: 19/19 MP: 0/6
  1019 | D:2      | Reached skill level 5 in Earth Magic
  1019 | D:2      | Reached XP level 4. HP: 24/24 MP: 4/8
  1048 | D:3      | Reached skill level 3 in Spellcasting
  1124 | D:3      | Noticed Scuka's ghost (amateur GrEE)
  1135 | D:3      | HP: 2/24 [Scuka's ghost/rocky blast (7)]
  1138 | D:3      | Killed from afar by Scuka's ghost

Skill      XL: |  1  2  3  4 |
---------------+-------------+-----
Earth Magic    | 4 5 |  5.0
Spellcasting   | 3 |  3.0
Dodging        | |  1.5
Stealth        | |  2.1
Transmutations | |  0.7

Action                   |  1- 3 |  4- 6 || total
-------------------------+-------+-------++-------
Melee: Spear             |    59 |     1 ||    60
Throw: Stone             |    22 |       ||    22
 Cast: Sandblast         |    23 |    16 ||    39
  Use: Scroll            |     4 |     1 ||     5
       Potion            |     1 |       ||     1
 Stab: Sleeping          |     1 |       ||     1
  Eat: Chunk             |     1 |       ||     1
Armor: Robe              |    13 |     4 ||    17
Dodge: Dodged            |    34 |    15 ||    49

Vault maps used:
D:1:      dpeg_arrival_short_road, minmay_cupped
D:2:      old_standard_altar, uniq_natasha
D:3:      first_bread, kennysheep_boxes

Table legend:
 A = Turns spent in this place as a percentage of turns spent in the entire game.
 B = Non-inter-level travel turns spent in this place as a percentage of non-inter-level travel turns spent in the entire game.
 C = Inter-level travel turns spent in this place as a percentage of turns spent in this place.
 D = Turns resting spent in this place as a percentage of non-inter-level travel turns spent in this place.
 E = Turns spent auto-exploring this place as a percentage of non-inter-level travel turns spent in this place.
 F = Non-inter-level travel turns spent in this place divided by the number of levels of this place that you've seen.
                   A       B       C       D       E      F
               +-------+-------+-------+-------+-------+----------------------
         Total | 100.0 | 100.0 |   0.3 |   4.3 |  10.8 | 123.3
       Dungeon | 100.0 | 100.0 |   0.3 |   4.3 |  10.8 | 123.3
               +-------+-------+-------+-------+-------+----------------------

Table legend:
 A = Kills in this place as a percentage of kills in entire the game.
 B = Kills by you in this place as a percentage of kills by you in the entire game.
 C = Kills by friends in this place as a percentage of kills by friends in the entire game.
 D = Other kills in this place as a percentage of other kills in the entire game.
 E = Experience gained in this place as a percentage of experience gained in the entire game.
 F = Experience gained in this place divided by the number of levels of this place that you have seen.
                   A       B       C       D       E      F
               +-------+-------+-------+-------+-------+----------------------
         Total | 100.0 | 100.0 |  -nan |  -nan | 100.0 |  31.7
       Dungeon | 100.0 | 100.0 |  -nan |  -nan | 100.0 |  31.7
               +-------+-------+-------+-------+-------+----------------------
